 Dungeon Crawl Stone Soup version 0.25.1-2-g60ff931df9 (webtiles) character file.

Game seed: 16639633721066515293

33 pokeman the Magician (level 3, -2/20 HPs)
             Began as a Deep Elf Wizard on Oct 29, 2020.
             Slain by a worm (3 damage)
             ... on level 2 of the Dungeon.
             The game lasted 00:02:45 (1624 turns).

pokeman the Magician (Deep Elf Wizard)              Turns: 1624, Time: 00:02:46

Health: -2/20      AC:  4    Str:  4    XL:     3   Next: 12%
Magic:  2/11       EV: 11    Int: 23    God:
Gold:   119        SH:  0    Dex: 13    Spells: 1/12 levels left

rFire    . . .     SeeInvis .   g - -3 whip (curse)
rCold    . . .     Gourm    .   (no shield)
rNeg     . . .     Faith    .   f - +0 leather armour
rPois    .         Spirit   .   b - +0 hat
rElec    .         Reflect  .   (no cloak)
rCorr    .         Harm     .   j - +0 pair of gloves
MR       .....                  (no boots)
Stlth    ++........             (no amulet)
HPRegen  0.06/turn              (no ring)
MPRegen  0.12/turn              (no ring)

@: very slightly contaminated
A: no striking features
a: no special abilities


You were on level 2 of the Dungeon.
You were very hungry.

You visited 1 branch of the dungeon, and saw 2 of its levels.

You collected 119 gold pieces.

Inventory:

Hand Weapons
 g - a cursed -3 whip (weapon)
 i - a +2 dagger of freezing
Armour
 b - a +0 hat (worn)
 f - a +0 leather armour (worn)
 j - a +0 pair of gloves (worn)
Wands
 p - a wand of flame (22)
Scrolls
 a - a scroll of enchant weapon {unknown}
 h - a scroll of random uselessness {unknown}
 n - a scroll of identify {unknown}
 o - 2 scrolls of magic mapping {unknown}
 q - a scroll of immolation {unknown}
Potions
 c - a potion of lignification {unknown}
 e - a potion of stabbing {unknown}
 k - 2 potions of might {unknown}
 l - a potion of ambrosia {unknown}
Comestibles
 d - 2 rations


   Skills:
 + Level 0.7 Fighting
 + Level 0.9 Armour
 - Level 2.4 Dodging
 - Level 2.4 Stealth
 * Level 5.1 Spellcasting
 + Level 1.7 Conjurations
 - Level 1.1 Summonings
 - Level 1.1 Translocations


You had one spell level left.
You knew the following spells:

 Your Spells              Type           Power        Failure   Level  Hunger
a - Magic Dart            Conj           ##..         8%          1    None
b - Mephitic Cloud        Conj/Pois/Air  #.......     36%         3    ##.....
c - Call Imp              Summ           ##......     16%         2    None
d - Blink                 Tloc           N/A          16%         2    None
e - Conjure Flame         Conj/Fire      #.......     34%         3    ##.....

Your spell library contained the following spells:

 Spells                   Type           Power        Failure   Level  Hunger
 Slow                     Hex            #.......     24%         2    None


Dungeon Overview and Level Annotations

Branches:
Dungeon (2/15)

Altars:


Message History

The worm is severely wounded.
Casting: Magic Dart (safe; 8% risk of failure)
Confirm with . or Enter, or press ? or * to list all spells.
Aiming: Magic Dart (safe; 8% risk of failure)
Press: ? - help, Shift-Dir - straight line, f/p - worm
Aim: a worm (severely wounded)
The magic dart hits the worm.
The worm is severely wounded.
The worm bites you!
Ouch! That really hurt!
* * * LOW HITPOINT WARNING * * *
Casting: Magic Dart (safe; 8% risk of failure)
Confirm with . or Enter, or press ? or * to list all spells.
Aiming: Magic Dart (safe; 8% risk of failure)
Press: ? - help, Shift-Dir - straight line, f/p - worm
Aim: a worm (severely wounded)
The magic dart hits the worm but does no damage.
The worm is severely wounded.
The worm bites you.
You die...

.##+## #....# ########
#....# #......#
#....###@.....# #
#.....##w.....# #.
#....)##......#
.##.####..........######
.........................
........##........#######
.##.###.#######'### #.#
#.# #.!# #.#


You could see a worm.

Vanquished Creatures
  A worm (D:2)
  2 leopard geckos
  A ball python (D:1)
  5 bats (D:1)
  A giant cockroach (D:2)
  4 goblins
  4 hobgoblins (D:1)
  2 frilled lizards (D:1)
  5 kobolds
  4 rats
29 creatures vanquished.

Notes
Turn   | Place    | Note
-------+----------+-------------------------------------------
     0 | D:1      | pokeman the Deep Elf Wizard began the quest for the Orb.
     0 | D:1      | Reached XP level 1. HP: 10/10 MP: 7/7
   248 | D:1      | Reached XP level 2. HP: 15/15 MP: 5/9
   759 | D:1      | Reached skill level 5 in Spellcasting
  1161 | D:2      | Reached XP level 3. HP: 20/20 MP: 4/11
  1166 | D:2      | Learned a level 3 spell: Mephitic Cloud
  1169 | D:2      | Learned a level 2 spell: Call Imp
  1172 | D:2      | Learned a level 2 spell: Blink
  1176 | D:2      | Learned a level 3 spell: Conjure Flame
  1623 | D:2      | HP: 1/20 [worm (10)]
  1624 | D:2      | Slain by a worm

Illustrated notes

Levels and vault maps discovered:
D:1:      dpeg_arrival_rooms_b, layout_basic, st_stairs_4, minivault_5
D:2:      layout_basic, first_ration, uniq_robin

Skill      XL: |  1  2 |
---------------+-------+-----
Spellcasting   | 5 |  5.1
Fighting       | |  0.7
Armour         | |  0.9
Dodging        | |  2.4
Stealth        | |  2.4
Conjurations   | |  1.7
Summonings     | |  1.1
Translocations | |  1.1

Action                   || total
-------------------------++-------
Melee: Whip              ||     8
 Cast: Magic Dart        ||    82
       Mephitic Cloud    ||     1
  Eat: Chunk             ||     1
Armor: Leather armour    ||     3
Dodge: Dodged            ||     5
